 Dungeon Crawl Stone Soup version 0.29.0-4-gdea44cf6ec (webtiles) character file.

Game seed: 1289788115273679568

231 qw the Chopper (level 6, -3/49 HPs)
             Began as a Barachi Chaos Knight on Sept 4, 2022.
             Slain by a hellwing (4 damage)
             ... summoned by Xom
             ... on level 4 of the Dungeon.
             The game lasted 00:01:05 (2762 turns).

qw the Chopper (Barachi Chaos Knight)               Turns: 2762, Time: 00:01:06

Health: -3/49      AC: 10    Str: 13    XL:     6   Next: 3%
Magic:  6/6        EV:  3    Int: 12    God:
Gold:   78         SH:  0    Dex: 12    Spells: 5/5 levels left

rFire   + + .      SeeInvis +   Y - +0 war axe
rCold   . . .      Faith    .   (no shield)
rNeg    . . .      Spirit   .   k - +4 plate armour "Bok Fex" {Contam rF++ SInv}
rPois   .          Reflect  .   (helmet restricted)
rElec   .          Harm     .   (no cloak)
rCorr   .          Rampage  .   (no gloves)
Will    .....                   (no boots)
Stlth   ..........              (no amulet)
HPRegen 0.16/turn               (no ring)
MPRegen 0.10/turn               (no ring)

@: about to teleport, unable to drink, slow
A: amphibious, slowness 1, strong legs 1, +LOS, horns 1, deformed body, weak 1,
inability to drink after injury 1
a: Hop


You were on level 4 of the Dungeon.
You visited 1 branch of the dungeon, and saw 4 of its levels.

You collected 78 gold pieces.


Innate Abilities, Weirdness & Mutations

You are amphibious.
You cover ground slowly.
You can hop short distances.
You have an extended range of vision and can be seen from far away.
You have a pair of small horns on your head.
Armour fits poorly on your strangely shaped body.
You are weak. (Str -2)
You occasionally lose the ability to drink potions when taking damage.


   Skills:
 - Level 4.7 Fighting
 + Level 6.2 Axes
 - Level 1.0 Throwing
 - Level 3.0 Armour
 - Level 1.1 Dodging


You had 5 spell levels left.
You didn't know any spells.
Your spell library was empty.

Inventory:

Hand Weapons
 g - a +0 whip
 Y - a +0 war axe (weapon)
Missiles
 e - 3 boomerangs (quivered)
 h - 5 javelins
Armour
 k - the +4 plate armour "Bok Fex" (worn) {Contam rF++ SInv}
   (You found it on level 2 of the Dungeon)

   rF:        It greatly protects you from fire.
   SInv:      It lets you see invisible.
   Contam:    It causes magical contamination when unequipped.
Scrolls
 b - 3 scrolls of identify
 i - a scroll of teleportation
Potions
 a - 3 potions of might
 d - 2 potions of heal wounds
 l - 4 potions of curing
 m - a potion of haste
Miscellaneous
 c - a piece from Xom's chessboard (15/15)

Dungeon Overview and Level Annotations

Branches:
Dungeon (4/15)             Temple (0/1) D:4

Altars:
Sif Muna


Message History

You assume a fearsome visage.
Nothing appears to happen.
It was a scroll of fear.
2729 ||| READING scroll labelled MOGEINAIMN.
The air fills with toxic fumes!
As you read the scroll labelled MOGEINAIMN, it crumbles to dust.
It was a scroll of poison.
2730 ||| READING scroll labelled JERRUSHR EMESU.
As you read the scroll labelled JERRUSHR EMESU, it crumbles to dust.
Your body is wracked with pain!
It was a scroll of torment.
You start resting.
You hear Xom's maniacal laughter.
A white imp comes into view.
You closely miss the hellwing. You hit the hellwing but do no damage.
The hellwing hits you but does no damage.
The hellwing hits you.
You closely miss the hellwing. You barely miss the shadow imp.
You hit the shadow imp but do no damage.
You hit the white imp but do no damage. The white imp gestures at you.
The puff of frost hits you.
The shadow imp hits you but does no damage. x2
The hellwing barely misses you. The hellwing hits you.
You barely miss the hellwing. You hit the white imp but do no damage.
You closely miss the shadow imp. x2
The shadow imp gestures at you. Pain shoots through your body!
You feel threatened and lose the ability to drink potions!
The hellwing completely misses you.
The hellwing hits you but does no damage.
The shadow imp hits you. The white imp gestures at you.
The puff of frost hits you.
2762 ||| READING 2 scrolls of teleportation.
As you read the scroll of teleportation, it crumbles to dust.
You feel strangely unstable.
The shadow imp hits you but does no damage.
The hellwing hits you but does no damage.
The hellwing hits you.
You die...

###.# #......##.........#
#.
###'####......############
## #......#......# ~~~¤ .#
#......+......# ¤~~~¤ .#
#.....##......# ~¤~~~
.####.....##......#~~~###
....%.....##......#####..
..........##....45......>
.......#####....@.#
.####### #...55.# .######
#......#
......###########.#
...#.#............#
..........#######.#
##.#.#.##.# ##.#
#.#.#..#.# .# #.#.#..#.#
.#


You could see a hellwing (summoned), a white imp (summoned) and 2 shadow imps.

Vanquished Creatures
  A black bear (D:4)
  A necrophage (D:4)
  2 adders (D:2)
  2 worms
  2 dart slugs
  2 orcs (D:3)
  5 ball pythons
  7 bats
  2 endoplasms
  5 goblins
  4 hobgoblins
  2 quokkas
  5 frilled lizards
  5 kobolds
  2 rats (D:1)
47 creatures vanquished.

Vanquished Creatures (others)
  A hobgoblin zombie (D:2)
1 creature vanquished.

Grand Total: 48 creatures vanquished

Notes
Turn   | Place    | Note
-------+----------+-------------------------------------------
     0 | D:1      | qw the Barachi Chaos Knight began the quest for the Orb.
     0 | D:1      | Reached XP level 1. HP: 18/18 MP: 1/1
     0 | D:1      | 0 ||| qw: Version: 0.1-a-103-gd6f5d3a
     0 | D:1      | 0 ||| qw: Game counter: 5474
     0 | D:1      | 0 ||| qw: Always use a shield: true
     0 | D:1      | 0 ||| qw: God list: Okawaru
     0 | D:1      | 0 ||| qw: Allow faded altars: false
     0 | D:1      | 0 ||| qw: Do Orc after D:15 true
     0 | D:1      | 0 ||| qw: Do second Lair branch before Depths: true
     0 | D:1      | 0 ||| qw: Lair rune preference: random
     0 | D:1      | 0 ||| qw: Plans: Normal
     0 | D:1      | 0 ||| PLANNING D:1-11
     0 | D:1      | Fell from the grace of Xom
   169 | D:1      | XOM: give mutations
   169 | D:1      | Gained mutation: You have a pair of small horns on your
                  | head. [Xom's mischief]
   169 | D:1      | Gained mutation: You are weak. (Str -2) [Xom's mischief]
   169 | D:1      | Gained mutation: You occasionally lose the ability to drink
                  | potions when taking damage. [Xom's mischief]
   169 | D:1      | Gained mutation: Armour fits poorly on your strangely
                  | shaped body. [Xom's mischief]
   222 | D:1      | Reached XP level 2. HP: 24/24 MP: 2/2
   304 | D:1      | Reached skill level 4 in Axes
   472 | D:1      | Found a faded altar of an unknown god.
   486 | D:1      | Reached skill level 1 in Throwing
   966 | D:1      | 966 ||| UPGRADING to +0 scale mail.
   976 | D:1      | 976 ||| DROPPING +2 leather armour.
   977 | D:1      | 977 ||| READING scroll labelled DAKUN HAHO.
   978 | D:1      | 978 ||| READING scroll labelled NUDEMY BAVUFF.
   982 | D:1      | 982 ||| READING scroll labelled SYNOEN KAAPU.
   983 | D:1      | 983 ||| READING scroll labelled JYPHEU BIKHLUAMIMN.
   984 | D:1      | 984 ||| READING scroll labelled BINOVE YRAR.
   999 | D:2      | Found a shimmering blue altar of Sif Muna.
  1006 | D:2      | Reached XP level 3. HP: 27/29 MP: 3/3
  1050 | D:2      | 1050 ||| Stepping randomly (stuck).
  1051 | D:2      | 1051 ||| Stepping randomly (stuck).
  1484 | D:2      | 1484 ||| Stepping ~*~*~tactically~*~*~ (stealth).
  1552 | D:2      | Identified the +4 plate armour "Bok Fex" {Contam rF++ SInv}
  1665 | D:2      | 1665 ||| Stepping ~*~*~tactically~*~*~ (hiding).
  1667 | D:2      | 1667 ||| Stepping ~*~*~tactically~*~*~ (hiding).
  1707 | D:2      | 1707 ||| UPGRADING to +0 chain mail.
  1717 | D:2      | 1717 ||| DROPPING +0 scale mail.
  1718 | D:2      | 1718 ||| UPGRADING to +4 plate armour "Bok Fex" {Contam
                  | rF++ SInv}.
  1728 | D:2      | 1728 ||| DROPPING +0 chain mail.
  1729 | D:2      | 1729 ||| DRINKING 2 smoky brown potions.
  1730 | D:2      | 1730 ||| READING 2 scrolls of identify.
  1730 | D:2      | 1730 ||| IDENTIFYING lumpy black potion
  1758 | D:3      | 1758 ||| STAIRDANCE
  1762 | D:3      | Reached skill level 5 in Axes
  1762 | D:3      | Reached XP level 4. HP: 34/36 MP: 4/4
  1900 | D:3      | 1900 ||| Stepping ~*~*~tactically~*~*~ (hiding).
  2011 | D:3      | 2011 ||| Stepping ~*~*~tactically~*~*~ (hiding).
  2012 | D:3      | 2012 ||| Stepping ~*~*~tactically~*~*~ (hiding).
  2013 | D:3      | 2013 ||| Stepping ~*~*~tactically~*~*~ (hiding).
  2014 | D:3      | 2014 ||| Stepping ~*~*~tactically~*~*~ (hiding).
  2015 | D:3      | 2015 ||| Stepping ~*~*~tactically~*~*~ (hiding).
  2016 | D:3      | 2016 ||| Stepping ~*~*~tactically~*~*~ (hiding).
  2018 | D:3      | 2018 ||| Stepping ~*~*~tactically~*~*~ (hiding).
  2019 | D:3      | 2019 ||| Stepping ~*~*~tactically~*~*~ (hiding).
  2020 | D:3      | 2020 ||| Stepping ~*~*~tactically~*~*~ (hiding).
  2021 | D:3      | 2021 ||| Stepping ~*~*~tactically~*~*~ (hiding).
  2023 | D:3      | 2023 ||| Stepping ~*~*~tactically~*~*~ (hiding).
  2024 | D:3      | 2024 ||| Stepping ~*~*~tactically~*~*~ (hiding).
  2212 | D:3      | XOM: god gift: Xom's Spellbook of the Well-Known Bones {god
                  | gift}
  2257 | D:3      | 2257 ||| SWAPPING to +0 war axe.
  2259 | D:3      | 2259 ||| DROPPING +0 hand axe of chaos.
  2498 | D:3      | Reached skill level 3 in Armour
  2506 | D:3      | 2506 ||| READING scroll labelled YWEUM YCZE.
  2507 | D:3      | 2507 ||| READING scroll labelled WIZEEM CONE.
  2508 | D:3      | 2508 ||| READING scroll labelled USSUFR TIGAIMY.
  2509 | D:3      | 2509 ||| READING 5 scrolls of identify.
  2509 | D:3      | 2509 ||| IDENTIFYING murky green potion
  2510 | D:3      | 2510 ||| READING 4 scrolls of identify.
  2510 | D:3      | 2510 ||| IDENTIFYING silvery potion
  2511 | D:3      | 2511 ||| DROPPING potion of brilliance.
  2531 | D:4      | Noticed a black bear
  2539 | D:4      | Killed a black bear
  2540 | D:4      | Reached skill level 6 in Axes
  2540 | D:4      | Reached XP level 5. HP: 39/41 MP: 5/5
  2581 | D:4      | XOM: stat loss: -1 Int (11/12)
  2665 | D:4      | Reached XP level 6. HP: 48/49 MP: 6/6
  2727 | D:4      | Found a staircase to the Ecumenical Temple.
  2728 | D:4      | 2728 ||| PLANNING TEMPLE
  2728 | D:4      | 2728 ||| READING scroll labelled OZYXOFI GEISUI.
  2729 | D:4      | 2729 ||| READING scroll labelled MOGEINAIMN.
  2730 | D:4      | 2730 ||| READING scroll labelled JERRUSHR EMESU.
  2757 | D:4      | XOM: summons 4 hostile demons
  2758 | D:4      | Noticed a hellwing
  2761 | D:4      | HP: 11/49 [shadow imp/nerve-wracking pain[Xom] (14)]
  2761 | D:4      | HP: 1/49 [white imp/puff of frost[Xom] (5)]
  2762 | D:4      | 2762 ||| READING 2 scrolls of teleportation.
  2762 | D:4      | Slain by a hellwing

Levels and vault maps discovered:
D:1:      sevenhm_arrival_forest_fort_small_6, layout_loops_corners,
          dreamdust_ecumenical_altar_grove
D:2:      layout_rooms, basic_altar, kennysheep_generic_room_4
D:3:      layout_loops_ring
D:4:      gammafunk_wand_slinger, layout_basic, minmay_temple_entry_poolview

Skill      XL: |  1  2  3  4  5 |
---------------+----------------+-----
Axes           | 4 5 6 |  6.2
Throwing       | 1 |  1.0
Armour         | 3 |  3.0
Fighting       | 4 |  4.7
Dodging        | |  1.1

Action                   |  1- 3 |  4- 6 || total
-------------------------+-------+-------++-------
Melee: Hand axe          |    75 |    12 ||    87
       Headbutt          |     6 |     2 ||     8
       Punch             |     1 |     1 ||     2
       War axe           |       |    28 ||    28
Throw: Boomerang         |    11 |     2 ||    13
       Javelin           |    32 |    14 ||    46
Invok: Renounce Religion |     1 |       ||     1
  Use: Scroll            |     6 |     9 ||    15
       Potion            |     1 |       ||     1
Armor: Leather armour    |    11 |       ||    11
       Scale mail        |    34 |       ||    34
       Plate armour      |     2 |    39 ||    41
Dodge: Dodged            |    34 |    10 ||    44

Table legend:
 A = Non-vault XP
 B = Vault XP
 C = Vault XP percentage of total XP
 D = Non-vault monster count
 E = Vault monster count
 F = Vault count percentage of total count
                 A         B        C        D         E       F
            +---------+---------+-------+---------+---------+-------
      Total |     330 |       0 |   0.0 |      47 |       0 |   0.0
            +---------+---------+-------+---------+---------+-------
        D:1 |      29 |       0 |   0.0 |      19 |       0 |   0.0
        D:2 |      46 |       0 |   0.0 |      11 |       0 |   0.0
        D:3 |      30 |       0 |   0.0 |      12 |       0 |   0.0
        D:4 |     225 |       0 |   0.0 |       5 |       0 |   0.0
            +---------+---------+-------+---------+---------+-------
